 Dungeon Crawl Stone Soup version 0.30-a0-778-g2ef04afb54 (webtiles) character file.

Game seed: 15827653663394426117

71461 Lobster4 the Severer (level 15, -1/141 HPs)
             Began as a Hill Orc Fighter on Feb 17, 2023.
             Was the Champion of Makhleb.
             Slain by a large abomination (25 damage)
             ... on level 2 of the Abyss.
             The game lasted 00:58:53 (20697 turns).

Lobster4 the Severer (Hill Orc Fighter)            Turns: 20697, Time: 00:58:53

Health: -1/141     AC: 28    Str: 27    XL:     15   Next: 36%
Magic:  22/22      EV:  9    Int:  8    God:    Makhleb [******]
Gold:   1056       SH: 15    Dex: 16    Spells: 14/14 levels left

rFire   + . .      SeeInvis .    a - +1 war axe (flame)
rCold   . . .      Faith    .    R - +2 buckler {AC+3}
rNeg    . . .      Spirit   .    C - +1 chain mail {rF+}
rPois   .          Reflect  +    u - +1 helmet
rElec   .          Harm     .    c - +1 cloak
rCorr   .          Rampage  .    U - +1 pair of gloves
Will    +....                    Q - +2 pair of boots Stlth
                                 g - amulet of reflection
HPRegen 0.43/turn                k - ring of wizardry
MPRegen 0.18/turn                Z - +6 ring of dexterity

@: no status effects
A: no striking features
a: Renounce Religion, Minor Destruction, Lesser Servant of Makhleb, Major
Destruction, Greater Servant of Makhleb


You were on level 2 of the Abyss.
You worshipped Makhleb.
Makhleb was exalted by your worship.
You visited 3 branches of the dungeon, and saw 17 of its levels.
You visited the Abyss 1 time.
You also visited: Ossuary and Bailey.

You collected 1281 gold pieces.
You spent 225 gold pieces at shops.

Inventory:

Hand Weapons
 a - a +1 war axe of flaming (weapon)
 b - a +0 sling
 G - a +0 whip of electrocution
 I - a +0 broad axe of venom
Missiles
 l - 55 poisoned darts
 A - 10 boomerangs (quivered)
 D - 2 boomerangs of dispersal
 S - 2 javelins
 T - 3 curare-tipped darts
Armour
 c - a +1 cloak (worn)
 j - a +0 kite shield
 t - a +2 leather armour of poison resistance
 u - a +1 helmet (worn)
 B - a +0 ring mail of positive energy
 C - a +1 chain mail of fire resistance (worn)
 M - +0 acid dragon scales
 Q - a +2 pair of boots (worn)
 R - a +2 buckler of protection (worn)
 U - a +1 pair of gloves (worn)
Magical Staves
 o - a staff of air
Jewellery
 g - an amulet of reflection (around neck)
 k - a ring of wizardry (left hand)
 Z - a +6 ring of dexterity (right hand)
Wands
 s - a wand of flame (21)
 v - a wand of roots (11)
 w - a wand of acid (1)
 K - a wand of mindburst (9)
 V - a wand of paralysis (11)
Scrolls
 e - a scroll of silence
 i - 6 scrolls of enchant weapon
 n - 3 scrolls of amnesia
 r - 6 scrolls of fog
 J - a scroll of poison
 W - 2 scrolls of teleportation
 X - 4 scrolls of identify
 Y - 2 scrolls of magic mapping
Potions
 d - 3 potions of might
 f - 6 potions of curing
 h - 5 potions of flight
 m - 2 potions of haste
 p - 3 potions of resistance
 q - 5 potions of brilliance
 x - 3 potions of heal wounds
 y - a potion of berserk rage {unknown}
 z - 2 potions of magic
 H - 6 potions of mutation
 L - 2 potions of invisibility
 O - a potion of ambrosia
 P - a potion of lignification {unknown}
Miscellaneous
 E - a tin of tremorstones (2/2)
 F - a lightning rod (1/4)


   Skills:
 + Level 15.6 Fighting
 + Level 16.8 Axes
 - Level 1.0 Ranged Weapons
 - Level 1.0 Throwing
 + Level 14.4 Armour
 + Level 14.5 Shields
 - Level 10.0 Invocations
 - Level 3.0 Evocations


You had 14 spell levels left.
You didn't know any spells.
Your spell library contained the following spells:

 Spells                   Type           Power      Damage    Failure   Level
 Sting                    Tmut/Pois      0%         1d3       56%         1
 Poisonous Vapours        Pois/Air       0%         N/A       71%         2
 Sublimation of Blood     Necr           0%         N/A       71%         2
 Wereblood                Tmut           0%         N/A       71%         2
 Call Canine Familiar     Summ           0%         N/A       89%         3
 Kindle Blastsparks       Fire/Tloc/Air  0%         2d10      89%         3
 Ozocubu's Armour         Ice            0%         N/A       89%         3
 Portal Projectile        Hex/Tloc       0%         N/A       89%         3
 Airstrike                Air            0%         2d(0-16)  99%         4
 Cause Fear               Hex            0%         N/A       99%         4
 Fulminant Prism          Conj/Hex       0%         3d5       99%         4
 Iskenderun's Mystic Bla  Conj/Tloc      0%         2d3       99%         4
 Leda's Liquefaction      Hex/Erth       0%         N/A       99%         4
 Manifold Assault         Tloc           0%         N/A       99%         4
 Olgreb's Toxic Radiance  Pois           0%         N/A       99%         4
 Summon Lightning Spire   Summ/Air       0%         N/A       99%         4
 Fireball                 Conj/Fire      0%         3d3       100%        5
 Irradiate                Conj/Tmut      0%         3d11      100%        5
 Lee's Rapid Deconstruct  Erth           0%         3d4*      100%        5
 Lightning Bolt           Conj/Air       0%         1d11      100%        5
 Metabolic Englaciation   Hex/Ice        0%         N/A       100%        5
 Yara's Violent Unravell  Hex/Tmut       0%         3d3       100%        5
 Dispersal                Tloc           0%         N/A       100%        6
 Simulacrum               Ice/Necr       0%         N/A       100%        6
 Dragon Form              Tmut           0%         N/A       100%        7
 Enfeeble                 Hex            0%         N/A       100%        7
 Summon Hydra             Summ           0%         N/A       100%        7
 Disjunction              Tloc           0%         N/A       100%        8
 Dragon's Call            Summ           0%         N/A       100%        9


Dungeon Overview and Level Annotations

Branches:
Dungeon (11/15)            Temple (1/1) D:4            Lair (5/5) D:8
  Swamp (0/4) Lair:2        Snake (0/4) Lair:2        Slime (0/5) Lair:4
Ossuary (visited)          Bailey (visited)
    Orc: D:9-12

Altars:
Ashenzari
Cheibriados
Dithmenos
Elyvilon
Fedhas
Gozag
Hepliaklqana
Kikubaaqudgha
Makhleb
Nemelex Xobeh
Okawaru
Qazlal
Ru
Sif Muna
Trog
Uskayaw
Vehumet
Wu Jian
Xom
Yredelemnul
Zin
The Shining One

Shops:
D:5 !


Message History

A large abomination comes into view.
You are too injured to fight recklessly!
You are too injured to fight recklessly!
You are too injured to fight recklessly!
You are too injured to fight recklessly!
You closely miss the raiju.
The raiju is moderately wounded.
You completely miss the raiju.
The raiju bursts into living lightning!
The living lightning hits you!
The living lightning hits the raiju.
The raiju completely resists.
The raiju blinks! x2
You block the raiju's attack.
You barely miss the raiju.
The raiju is moderately wounded.
You hit the raiju. You burn the raiju.
You kill the raiju!
Makhleb accepts your kill.
You feel better.
You slash the raiju! You burn the raiju.
The raiju is severely wounded.
The raiju bites you but does no damage.
You slash the raiju! You burn the raiju.
You kill the raiju!
Makhleb accepts your kill.
You hit the large abomination but do no damage.
The large abomination hits you!!
You closely miss the large abomination. You slash the large abomination!
You burn the large abomination.
The large abomination is heavily damaged.
You block the large abomination's attack.
You hit the large abomination but do no damage.
The large abomination is heavily damaged.
A raiju comes into view.
The large abomination hits you!!
* * * LOW HITPOINT WARNING * * *
The raiju barks!
You barely miss the large abomination.
The large abomination is heavily damaged.
The large abomination hits you!!
You die...

.....h. #
.. §... #
# ......
.. ##...
..# #
#.#.....#
# #.. ..
wX ##h##
. #
##X### #
##.@.# .
#.#.†.# .
..#...###
# ##
###.. .##
. ~ #.##.
. #.# #
#. # ~.
#│#. #. ~
.. # ~.#


You could see a large abomination and a raiju.

Vanquished Creatures
  A tentacled starspawn (Abyss:2)
  Kirke (Lair:4)
  An orc warlord (Bailey)
  An ogre mage (D:10)
  2 catoblepae
  3 hydras
  A boulder beetle (Lair:4)
  2 anacondas (Lair:2)
  3 two-headed ogres (D:11)
  11 death yaks
  2 skysharks
  2 orc knights (Bailey)
  A wolf spider (Lair:5)
  16 elephants
  A molten gargoyle (Lair:5)
  6 black mambas
  A guardian serpent (Lair:5)
  A torpor snail (Lair:5)
  15 cane toads
  A gargoyle (D:11)
  An orange demon (Abyss:2)
  A demonic crawler (Abyss:2)
  7 komodo dragons
  5 rime drakes
  A troll (D:10)
  Grinder (D:4)
  3 polar bears
  A tyrant leech (Lair:2)
  3 hornets
  19 blink frogs
  2 raiju (Abyss:2)
  A large abomination (Abyss:2)
  4 flying skulls (Abyss:2)
  Sigmund (D:6)
  A centaur simulacrum (D:11)
  A shadow (D:10)
  4 wraiths
  A human (D:8)
  43 yaks
  3 fire bats (Lair:5)
  2 vampires
  8 hogs
  7 basilisks
  15 wyverns
  A fire elemental (Lair:4)
  2 vampire mosquitoes (D:10)
  3 steam dragons
  5 redbacks (Lair:5)
  A chaos spawn (Abyss:2)
  Menkaure (D:4)
  2 acid dragons
  Duvessa (D:6)
  22 water moccasins
  7 ice beasts
  2 sky beasts
  2 black bears
  15 orc warriors
  14 wolves
  6 centaurs
  4 ogres
  4 kobold brigands
  Blork the orc (D:4)
  A necrophage (D:7)
  18 bullfrogs
  A gnoll sergeant (D:7)
  6 scorpions
  4 wights (D:8)
  Dowan (D:6)
  8 killer bees
  2 electric eels
  2 howler monkeys
  2 centaur zombies (Ossuary)
  2 gnoll boudas (D:5)
  3 orc priests
  3 hounds
  4 jellies
  Crazy Yiuf (D:7)
  Jessica (D:3)
  2 iguanas (D:6)
  8 orc wizards
  5 hell rats
  6 mummies (Ossuary)
  Robin (D:3)
  20 gnolls
  5 adders
  A shadow imp (D:7)
  2 white imps
  4 ufetubi
  A worm (D:2)
  A dart slug (D:3)
  30 orcs
  6 bats
  12 endoplasms
  5 giant cockroaches
  25 goblins
  18 hobgoblins
  4 quokkas
  7 ball pythons
  7 frilled lizards
  2 hobgoblin zombies (Ossuary)
  20 kobolds
  8 rats
559 creatures vanquished.

Vanquished Creatures (others)
  An orc wizard (D:4)
  A white imp (D:7)
  3 orcs (D:4)
  A bush (Lair:5)
  51 fungi
  86 plants
  6 starspawn tentacles (Abyss:2)
149 creatures vanquished.

Grand Total: 708 creatures vanquished

Notes
Turn   | Place    | Note
-------+----------+-------------------------------------------
     0 | D:1      | Lobster4 the Hill Orc Fighter began the quest for the Orb.
     0 | D:1      | Reached XP level 1. HP: 19/19 MP: 1/1
    44 | D:1      | Reached XP level 2. HP: 27/27 MP: 2/2
    52 | D:1      | Reached skill level 3 in Axes
   286 | D:1      | Reached XP level 3. HP: 33/33 MP: 3/3
   827 | D:2      | Reached XP level 4. HP: 39/40 MP: 4/4
  1500 | D:3      | Noticed Robin
  1520 | D:3      | Killed Robin
  1766 | D:3      | Noticed Jessica
  1772 | D:3      | Killed Jessica
  1773 | D:3      | Reached skill level 4 in Axes
  1773 | D:3      | Reached XP level 5. HP: 32/47 MP: 5/5
  2277 | D:4      | Found a staircase to the Ecumenical Temple.
  2286 | Temple   | Entered the Ecumenical Temple
  2488 | Temple   | Became a worshipper of Makhleb the Destroyer
  2521 | D:4      | Noticed Blork the orc
  2521 | D:4      | Noticed Menkaure
  2525 | D:4      | Killed Menkaure
  2526 | D:4      | Reached skill level 1 in Ranged Weapons
  2526 | D:4      | Reached skill level 1 in Throwing
  2526 | D:4      | Reached skill level 1 in Invocations
  2526 | D:4      | Reached skill level 1 in Evocations
  2526 | D:4      | Reached XP level 6. HP: 22/55 MP: 6/6
  2529 | D:4      | Killed Blork the orc
  2540 | D:4      | HP: 1/55 [gnoll/+0 whip (8)]
  2541 | D:4      | Reached skill level 5 in Fighting
  2955 | D:4      | Noticed Grinder
  3001 | D:4      | Paralysed by Grinder for 4 turns
  3019 | D:4      | Paralysed by Grinder for 2 turns
  3021 | D:4      | Killed Grinder
  3022 | D:4      | Reached skill level 5 in Axes
  3022 | D:4      | Reached XP level 7. HP: 46/61 MP: 8/8
  3500 | D:4      | Reached skill level 5 in Shields
  3677 | D:5      | Entered Level 5 of the Dungeon
  3731 | D:5      | Reached skill level 5 in Armour
  3874 | D:5      | Found Qiocriv's Distillery.
  3882 | D:5      | Bought a potion of heal wounds for 75 gold pieces
  3882 | D:5      | Bought a potion of resistance for 150 gold pieces
  3909 | D:5      | Reached XP level 8. HP: 48/70 MP: 10/10
  4433 | D:6      | Noticed a yak
  4640 | D:6      | Found a shimmering altar of Xom.
  4804 | D:6      | Noticed Sigmund
  4811 | D:6      | Killed Sigmund
  4812 | D:6      | Reached skill level 6 in Axes
  4951 | D:6      | Noticed Dowan
  4952 | D:6      | Noticed Duvessa
  4963 | D:6      | Killed Duvessa
  4963 | D:6      | Killed Dowan
  5041 | D:6      | Reached * piety under Makhleb
  5216 | D:6      | Found a white marble altar of Elyvilon.
  5378 | D:6      | Noticed a yak
  5378 | D:6      | Noticed a yak
  5392 | D:5      | Killed a yak
  5393 | D:5      | Reached skill level 5 in Invocations
  5393 | D:5      | Reached XP level 9. HP: 65/78 MP: 12/12
  5535 | D:6      | Reached skill level 7 in Axes
  5752 | D:6      | Found a glowing silver altar of Zin.
  6346 | D:7      | Found a flagged portal.
  6360 | Bailey   | Entered a bailey
  6440 | Bailey   | Noticed an orc knight
  6462 | Bailey   | Killed an orc knight
  6463 | Bailey   | Reached skill level 8 in Axes
  6669 | Bailey   | Reached ** piety under Makhleb
  6837 | Bailey   | Reached XP level 10. HP: 81/90 MP: 13/13
  6911 | Bailey   | Reached skill level 9 in Axes
  7058 | Bailey   | Noticed an orc knight
  7100 | Bailey   | Killed an orc knight
  7274 | Bailey   | Noticed an orc warlord
  7326 | Bailey   | Killed an orc warlord
  7585 | D:7      | Reached skill level 10 in Fighting
  7585 | D:7      | Reached skill level 11 in Axes
  7585 | D:7      | Reached skill level 10 in Armour
  7585 | D:7      | Reached skill level 10 in Shields
  7585 | D:7      | Reached XP level 11. HP: 101/101 MP: 14/14
  8435 | D:7      | Found a runed translucent door.
  8436 | D:7      | Noticed Crazy Yiuf
  8494 | D:7      | Killed Crazy Yiuf
  8503 | D:7      | Identified the +1 hammer of Midov {flame, MP+9 Stlth+}
  8551 | D:8      | Reached *** piety under Makhleb
  8662 | D:8      | Reached skill level 12 in Axes
  8924 | D:8      | Reached XP level 12. HP: 110/110 MP: 15/15
  9082 | D:8      | Found a staircase to the Lair.
  9108 | D:8      | Found a sand-covered staircase.
  9117 | Ossuary  | Entered an ossuary
  9780 | D:8      | Reached **** piety under Makhleb
 10737 | D:10     | Entered Level 10 of the Dungeon
 11056 | D:10     | Found a hide-covered altar of Uskayaw.
 11266 | D:10     | Found an ornate altar of the Wu Jian Council.
 11473 | D:10     | Reached ***** piety under Makhleb
 11935 | D:10     | Noticed an ogre mage
 11949 | D:10     | Killed an ogre mage
 11950 | D:10     | Reached skill level 13 in Axes
 12150 | Lair:1   | Entered Level 1 of the Lair of Beasts
 12810 | Lair:1   | Reached XP level 13. HP: 113/119 MP: 16/16
 13129 | Lair:1   | Reached skill level 14 in Axes
 13448 | Lair:2   | Found a staircase to the Snake Pit.
 13876 | Lair:2   | Got the Papyrus of Wounds
 13932 | Lair:2   | Found a staircase to the Swamp.
 15780 | Lair:4   | Reached skill level 15 in Axes
 15830 | Lair:4   | Reached XP level 14. HP: 132/132 MP: 19/19
 15875 | Lair:4   | Noticed Kirke
 15876 | Lair:4   | Found a staircase to the Slime Pits.
 16246 | Lair:4   | HP: 1/132 [manticore[Kirke] (12)]
 16826 | Lair:5   | Entered Level 5 of the Lair of Beasts
 17221 | Lair:5   | Paralysed by a hornet for 2 turns
 17327 | Lair:5   | Reached ****** piety under Makhleb
 18325 | Lair:5   | Reached skill level 16 in Axes
 18363 | Lair:5   | Reached skill level 15 in Fighting
 18517 | Lair:5   | Reached skill level 10 in Invocations
 18565 | Lair:5   | Reached XP level 15. HP: 134/141 MP: 22/22
 19700 | Lair:4   | Identified the +4 scale mail "Secink" {rElec Will- rCorr
                  | Dex-2}
 19765 | Lair:4   | Killed Kirke
 20479 | Abyss:2  | Cast into level 2 of the Abyss (a wizard)
 20557 | Abyss:2  | Noticed a tentacled starspawn
 20586 | Abyss:2  | Killed a tentacled starspawn
 20697 | Abyss:2  | Slain by a large abomination

Illustrated notes

Levels and vault maps discovered:
D:1:      mrwooster_arrival_arrow, layout_rooms, chequers_serial_rivers_micro_b
D:2:      layout_basic
D:3:      layout_loops_cross, grunt_decor_mini_mirrors, uniq_robin, uniq_jessica
D:4:      layout_loops_ring, lemuel_temple_firewalk_b,
          minmay_misc_feat_enclosed, uniq_blork_the_orc, uniq_menkaure,
          uniq_grinder
D:5:      layout_rooms, serial_shops, nicolae_diamond_shop
D:6:      layout_loops_ring, kennysheep_mini_moat, mainiacjoe_overflow_alcove_2,
          lemuel_crystal_altar, corexii_corridor_pit, uniq_duvessa, uniq_sigmund
D:7:      cheibrodos_barr_body, layout_loops_ring, enter_bailey_3,
          hangedman_decor_push, uniq_crazy_yiuf_cottage
D:8:      layout_basic, hellmonk_lair_entry_icy,
          lightli_ossuary_entry_decrepit_ruins, grunt_livestock
D:9:      layout_rooms
D:10:     layout_loops_ring, lemuel_doored_altar, minmay_ruined_shrine
D:11:     layout_long_grid, serial_ice, serial_ice_b, serial_ice_g,
          serial_ice_i, serial_ice_c, serial_ice_n, serial_ice_f,
          minmay_misc_feat_more_columns, jiyva_altar_1
Temple:   eino_narrow_crystal_temple
Lair:1:   layout_chaotic_city, eino_small_chamber_without_monster
Lair:2:   layout_hall_layers, minmay_swamp_entry_worms, dummy_snake_entry,
          nicolae_lair_lakeside_cave
Lair:3:   layout_chaotic_city, chequers_serial_rivers_room_b,
          cheibrodos_lair_caveside_slide
Lair:4:   layout_small_grid, nicolae_slime_entry_slimehenge, uniq_kirke
Lair:5:   hangedman_lair_tendril_chambers, layout_gridlike
Abyss:2:  base:
D:9

Skill      XL: |  1  2  3  4  5  6  7  8  9 10 11 12 13 14 15 |
---------------+----------------------------------------------+-----
Axes           | 3 4 5 6 8 11 12 13 15 16 | 16.8
Fighting       | 4 5 6 8 10 11 12 14 15 | 15.6
Shields        | 4 5 6 7 10 11 13 14 | 14.5
Armour         | 4 5 6 7 10 11 12 13 14 | 14.4
Ranged Weapons | 1 |  1.0
Throwing       | 1 |  1.0
Invocations    | 1 2 3 5 7 10 | 10.0
Evocations     | 1 2 3 |  3.0

Action                     |  1- 3 |  4- 6 |  7- 9 | 10-12 | 13-15 || total
---------------------------+-------+-------+-------+-------+-------++-------
  Melee: War axe           |    99 |   160 |   308 |   661 |  1054 ||  2282
         Unarmed           |       |       |       |       |     5 ||     5
   Fire: Sling             |       |     3 |       |       |       ||     3
  Throw: Dart              |       |       |    11 |    24 |     6 ||    41
         Boomerang         |       |       |     7 |     9 |     7 ||    23
         Throwing net      |       |       |       |     2 |       ||     2
         Javelin           |       |       |       |       |     2 ||     2
 Invoke: Minor Destruction |       |       |       |       |     2 ||     2
  Evoke: Wand              |       |       |     2 |     8 |    13 ||    23
         Lightning rod     |       |       |       |     2 |     8 ||    10
    Use: Potion            |       |     1 |     4 |    10 |     8 ||    23
         Scroll            |       |     3 |    13 |    10 |     7 ||    33
   Stab: Invisible         |       |       |       |     1 |     2 ||     3
         Held in net/web   |       |       |       |     2 |       ||     2
 Armour: Scale mail        |    45 |    75 |       |       |       ||   120
         Plate armour      |       |    20 |   171 |   188 |       ||   379
         Chain mail        |       |       |       |    89 |   456 ||   545
         Acid dragon scale |       |       |       |    78 |       ||    78
  Dodge: Dodged            |    60 |    67 |    65 |   178 |   252 ||   622
  Block: Buckler           |    27 |    27 |    78 |    81 |   579 ||   792
         Kite shield       |       |       |       |   222 |       ||   222
         Other             |       |       |       |       |     3 ||     3
         Reflection        |       |       |       |       |     2 ||     2

Table legend: (Time is in decaauts)
 A = Elapsed time spent in this place.
 B = Non-inter-level travel time spent in this place.
 C = Inter-level travel time spent in this place.
 D = Time resting spent in this place.
 E = Time spent auto-exploring this place.
 F = Levels seen in this place.
 G = Mean time per level.
                   A        B        C        D        E       F      G
               +--------+--------+--------+--------+--------+-----+--------+
         Total |  20660 |  19548 |   1112 |   3076 |  11338 |  20 | 1033.0 |
       Dungeon |  11202 |  10483 |    719 |    979 |   6846 |  11 | 1018.4 |
        Temple |    210 |    183 |     27 |      0 |    171 |   1 |  210.0 |
          Lair |   7731 |   7365 |    366 |   1766 |   3822 |   5 | 1546.2 |
         Abyss |    195 |    195 |      0 |      0 |     96 |   1 |  195.0 |
       Ossuary |    105 |    105 |      0 |      0 |     62 |   1 |  105.0 |
        Bailey |   1215 |   1215 |      0 |    331 |    341 |   1 | 1215.0 |
               +--------+--------+--------+--------+--------+-----+--------+

Top non-repeatable levels by time:
  Lair:5: 1995 daAuts
  Lair:4: 1750 daAuts
     D:7: 1460 daAuts
  Lair:1: 1446 daAuts
  Lair:3: 1375 daAuts
     D:6: 1333 daAuts
     D:8: 1307 daAuts
  Bailey: 1215 daAuts
    D:10: 1211 daAuts
  Lair:2: 1163 daAuts
     D:3: 1106 daAuts
     D:9: 1098 daAuts
     D:4: 1045 daAuts
     D:5: 936 daAuts
     D:2: 774 daAuts
